 Dungeon Crawl Stone Soup version 0.26-a0-962-g9b92081034 (webtiles) character file.

Game seed: 1632733312558419103

2 Dracia the Grasshopper (level 1, -1/16 HPs)
             Began as a Demonspawn Warper on Dec 1, 2020.
             Slain by a hobgoblin
             ... wielding a +0 club
              (2 damage)
             ... on level 1 of the Dungeon.
             The game lasted 00:00:47 (231 turns).

Dracia the Grasshopper (Demonspawn Warper)           Turns: 231, Time: 00:00:47

Health: -1/16      AC:  3    Str: 11    XL:     1   Next: 33%
Magic:  3/3        EV: 11    Int: 14    God:
Gold:   31         SH:  0    Dex: 12    Spells: 4/4 levels left

rFire    . . .     SeeInvis .   a - +0 spear
rCold    . . .     Faith    .   (no shield)
rNeg     . . .     Spirit   .   b - +0 leather armour
rPois    .         Reflect  .   (no helmet)
rElec    .         Harm     .   (no cloak)
rCorr    .         Rampage  .   (no gloves)
MR       .....                  (no boots)
Stlth    ..........             (no amulet)
HPRegen  0.05/turn              c - ring of attention (curse)
MPRegen  0.08/turn              (no ring)

@: no status effects
A: no striking features
a: no special abilities


You were on level 1 of the Dungeon.
You visited 1 branch of the dungeon, and saw 1 of its levels.

You collected 31 gold pieces.


   Skills:
 - Level 2.0 Fighting
 + Level 1.9 Polearms
 + Level 0.2(1.1) Staves
 - Level 0.8 Throwing
 - Level 0.8 Armour
 - Level 1.7 Dodging
 - Level 2.0 Spellcasting
 + Level 2.7 Translocations


You had 4 spell levels left.
You didn't know any spells.
Your spell library contained the following spells:

 Spells                   Type           Power        Failure   Level
 Blink                    Tloc           N/A          16%         2
 Gell's Gravitas          Tloc           #.........   30%         3
 Lesser Beckoning         Tloc           #.........   30%         3
 Teleport Other           Tloc           #.......     30%         3
 Passage of Golubria      Tloc           N/A          69%         4

Inventory:

Hand Weapons
 a - a +0 spear (weapon)
Missiles
 e - 5 boomerangs of dispersal (quivered) {=f}
Armour
 b - a +0 leather armour (worn)
Jewellery
 c - a cursed ring of attention (left hand)
Scrolls
 d - a scroll of blinking
 f - a scroll of teleportation {unknown}

Dungeon Overview and Level Annotations

Branches:
Dungeon (1/15)

Altars:

...)............
##..#..####.....###....
#.......##.......## ...
#.......#.........# .
.......#.....[...#
.###...?##.........#
....>...##.........#
........##>g.......####
#.#...@†...........
########...##.........####
#..........##....)....#
#(.........##.........#
#.......##.##.........#
#..........###.......####
#........#................
########..######.#########
##.### #..##


You could see a hobgoblin.


Message History

The hobgoblin is heavily wounded.
The hobgoblin hits you but does no damage.
You closely miss the hobgoblin.
The hobgoblin is heavily wounded.
The hobgoblin hits you with a +0 club.
You hit the hobgoblin.
The hobgoblin is severely wounded.
The hobgoblin closely misses you.
You hit the hobgoblin but do no damage.
The hobgoblin is severely wounded.
You completely miss the hobgoblin.
The hobgoblin is severely wounded.
The hobgoblin hits you with a +0 club.
You closely miss the hobgoblin.
The hobgoblin is severely wounded.
The hobgoblin hits you with a +0 club.
* * * LOW HITPOINT WARNING * * *
You are too injured to fight recklessly!
You are too injured to fight recklessly!
You closely miss the hobgoblin.
The hobgoblin is severely wounded.
The hobgoblin hits you with a +0 club.
* * * LOW HITPOINT WARNING * * *
You hit the hobgoblin but do no damage.
The hobgoblin is severely wounded.
The hobgoblin barely misses you.
You closely miss the hobgoblin.
The hobgoblin is severely wounded.
The hobgoblin hits you with a +0 club.
You die...

Action                   || total
-------------------------++-------
Melee: Spear             ||    28
Armor: Leather armour    ||     3
Dodge: Dodged            ||    14

Levels and vault maps discovered:
D:1:      minmay_arrival_arboretum_small, layout_rooms

Notes
Turn   | Place    | Note
-------+----------+-------------------------------------------
     0 | D:1      | Dracia the Demonspawn Warper began the quest for the Orb.
     0 | D:1      | Reached XP level 1. HP: 16/16 MP: 3/3
   229 | D:1      | HP: 1/16 [hobgoblin/+0 club (5)]
   231 | D:1      | Slain by a hobgoblin

Vanquished Creatures
  2 kobolds (D:1)
  A frilled lizard (D:1)
3 creatures vanquished.

Table legend: (Time is in decaauts)
 A = Elapsed time spent in this place.
 B = Non-inter-level travel time spent in this place.
 C = Inter-level travel time spent in this place.
 D = Time resting spent in this place.
 E = Time spent auto-exploring this place.
 F = Levels seen in this place.
 G = Mean time per level.
                   A        B        C        D        E       F      G
               +--------+--------+--------+--------+--------+-----+--------+
         Total |    230 |    230 |      0 |      0 |    190 |   1 |  230.0 |
       Dungeon |    230 |    230 |      0 |      0 |    190 |   1 |  230.0 |
               +--------+--------+--------+--------+--------+-----+--------+

Top non-repeatable levels by time:
     D:1: 230 daAuts

Table legend:
 A = Non-vault XP
 B = Vault XP
 C = Vault XP percentage of total XP
 D = Non-vault monster count
 E = Vault monster count
 F = Vault count percentage of total count
                 A         B        C        D         E       F
            +---------+---------+-------+---------+---------+-------
      Total |       4 |       0 |   0.0 |       3 |       0 |   0.0
            +---------+---------+-------+---------+---------+-------
        D:1 |       4 |       0 |   0.0 |       3 |       0 |   0.0
            +---------+---------+-------+---------+---------+-------
